 Dungeon Crawl Stone Soup version 0.22.1-1-ga44c0e5 (webtiles) character file.

251 harcile the Skirmisher (level 6, 0/53 HPs)
             Began as a Hill Orc Fighter on Oct 26, 2018.
             Slain by a bullfrog (4 damage)
             ... in a sewer.
             The game lasted 00:12:50 (3108 turns).

harcile the Skirmisher (Hill Orc Fighter)           Turns: 3108, Time: 00:12:50

Health: 0/53       AC:  8    Str: 25    XL:     6   Next: 13%
Magic:  6/6        EV:  5    Int: 10    God:
Gold:   183        SH: 11    Dex: 11    Spells: 5/5 levels left

rFire    . . .     SeeInvis .   a - +0 long sword
rCold    . . .     Gourm    .   c - +1 shield
rNeg     . . .     Faith    .   b - +0 scale mail
rPois    .         Spirit   .   (no helmet)
rElec    .         Reflect  .   (no cloak)
rCorr    .         Harm     .   r - +0 pair of gloves
MR       .....                  (no boots)
Stlth    +.........             (no amulet)
HPRegen  0.17/turn              h - +2 ring of intelligence
MPRegen  0.10/turn              q - ring of stealth

@: mighty, constricted
A: no striking features
a: no special abilities


You were in a sewer.
You were hungry.

You visited 1 branch of the dungeon, and saw 4 of its levels.
You also visited: Sewer.

You collected 183 gold pieces.

Inventory:

Hand Weapons
 a - a +0 long sword (weapon)
 l - a +1 hunting sling of freezing
 m - a +0 great sword
Missiles
 n - 45 stones (quivered)
Armour
 b - a +0 scale mail (worn)
 c - a +1 shield (worn)
 r - a +0 pair of gloves (worn)
Jewellery
 h - a +2 ring of intelligence (left hand)
 q - a ring of stealth (right hand)
Scrolls
 e - 4 scrolls of identify
 i - 3 scrolls of remove curse {unknown}
 k - a scroll of fog {unknown}
 u - a scroll of fear {unknown}
 v - 3 scrolls of blinking {unknown}
 w - 2 scrolls of magic mapping
Potions
 g - a potion of brilliance
 j - a potion of haste
Comestibles
 f - 6 rations
 t - 7 chunks of flesh


   Skills:
 + Level 4.7 Fighting
 + Level 4.3 Long Blades
 + Level 4.4 Armour
 + Level 0.8 Dodging
 + Level 4.4 Shields


You had 5 spell levels left.
You didn't know any spells.
Your spell library was empty.

Dungeon Overview and Level Annotations

Branches:
Dungeon (4/15)             Temple (0/1) D:4

Altars:
Cheibriados
Ru

Annotations:
D:4 Dowan, Duvessa


Message History

The ball python bites you.
* * * LOW HITPOINT WARNING * * *
The ball python constricts you. You block the adder's attack.
The bullfrog hits you but does no damage.
The frilled lizard bites you.
* * * LOW HITPOINT WARNING * * *
You block the frilled lizard's attack. The ball python bites you.
* * * LOW HITPOINT WARNING * * *
The ball python constricts you. You block the adder's attack.
Unknown command.
You feel better. The bullfrog hits you.
* * * LOW HITPOINT WARNING * * *
You block the frilled lizard's attack.
The ball python bites you but does no damage.
The ball python constricts you. The bullfrog hits you!
* * * LOW HITPOINT WARNING * * *
You block the adder's attack.
The frilled lizard bites you but does no damage.
You closely miss the ball python. The bullfrog hits you.
You die...

.≈≈..#
#..###≈.≈..#
≈≈≈≈≈#
#####≈≈≈≈≈≈#
≈≈≈≈≈#
#≈≈≈≈≈≈#
≈≈≈≈≈#
#≈≈≈≈≈≈#
≈≈≈≈≈#
#≈≈≈≈≈≈#
≈≈≈≈≈#
#≈≈≈≈≈≈#
≈†..≈#
#≈≈≈≈≈≈#
..[≈≈#
#≈≈≈≈S≈#
≈≈≈.##
#≈≈≈l@≈#
≈≈≈≈≈#
#≈≈≈SlF#
≈≈≈≈≈#
#≈≈≈≈S≈#
≈≈≈≈≈#
#≈≈≈≈≈≈#
≈≈≈≈≈#
#≈≈≈≈≈≈#
≈≈≈≈≈#
#≈≈≈≈≈≈#
≈≈≈≈≈#
#≈≈≈≈≈≈#
≈≈≈≈≈#
#≈≈≈≈≈≈#
...≈.#
##≈≈.≈##


You could see a bullfrog, 2 adders, a ball python and 2 frilled lizards.

Vanquished Creatures
  A bullfrog (Sewer)
  Jessica (D:2)
  A worker ant (D:4)
  4 adders
  2 river rats (Sewer)
  2 oozes
  3 leopard geckos
  2 orcs (D:4)
  11 ball pythons
  2 giant cockroaches
  2 goblins (D:2)
  6 hobgoblins
  2 jackals (D:1)
  5 kobolds
  A quokka (D:3)
  5 bats
  5 frilled lizards
  28 rats
83 creatures vanquished.

Notes
Turn   | Place    | Note
-------+----------+-------------------------------------------
     0 | D:1      | harcile the Hill Orc Fighter began the quest for the Orb.
     0 | D:1      | Reached XP level 1. HP: 19/19 MP: 1/1
   368 | D:1      | Reached XP level 2. HP: 27/27 MP: 2/2
   783 | D:2      | Reached XP level 3. HP: 9/33 MP: 3/3
  1133 | D:2      | Found a snail-covered altar of Cheibriados.
  1211 | D:2      | Noticed Jessica
  1227 | D:2      | Killed Jessica
  1227 | D:2      | Reached XP level 4. HP: 32/41 MP: 4/4
  1429 | D:2      | Found a sacrificial altar of Ru.
  2125 | D:4      | Found a staircase to the Ecumenical Temple.
  2131 | D:4      | Noticed Duvessa
  2141 | D:4      | Noticed Dowan
  2149 | D:4      | Found a glowing drain.
  2167 | Sewer    | Entered a sewer
  2531 | Sewer    | Reached XP level 5. HP: 47/47 MP: 5/5
  3099 | Sewer    | Reached XP level 6. HP: 30/53 MP: 6/6
  3108 | Sewer    | Slain by a bullfrog

Skill      XL: |  1  2  3  4  5 |
---------------+----------------+-----
Fighting       | 4 |  4.7
Long Blades    | 3 4 |  4.3
Shields        | 4 |  4.4
Armour         | 4 |  4.4
Dodging        | |  0.8

Action                   |  1- 3 |  4- 6 || total
-------------------------+-------+-------++-------
Melee: Long sword        |    79 |   172 ||   251
  Use: Potion            |     3 |     6 ||     9
       Scroll            |       |     4 ||     4
  Eat: Chunk             |     1 |     6 ||     7
Armor: Scale mail        |    40 |   150 ||   190
Dodge: Dodged            |    38 |    93 ||   131
Block: Shield            |    64 |   178 ||   242
       Rpst.: Long sword |    12 |    36 ||    48
